 Dungeon Crawl Stone Soup version 0.27.1-33-g824d729ab1 (webtiles) character file.

Game seed: 8413096424716255166

14 lordive the Sneak (level 2, 0/17 HPs)
             Began as an Octopode Enchanter on Dec 27, 2021.
             Slain by a quokka (5 damage)
             ... on level 1 of the Dungeon.
             The game lasted 00:00:33 (96 turns).

lordive the Sneak (Octopode Enchanter)                Turns: 96, Time: 00:00:33

Health: 0/17       AC:  1    Str:  7    XL:     2   Next: 45%
Magic:  5/5        EV: 13    Int: 17    God:
Gold:   0          SH:  0    Dex: 12    Spells: 4/5 levels left

rFire    . . .     SeeInvis .   a - +1 dagger
rCold    . . .     Faith    .   (no shield)
rNeg     . . .     Spirit   .   (helmet restricted)
rPois    .         Reflect  .   (no amulet)
rElec    .         Harm     .   (no ring)
rCorr    .         Rampage  .   (no ring)
Will     .....                  (no ring)
Stlth    ++++......             (no ring)
HPRegen  0.05/turn              (no ring)
MPRegen  0.09/turn              (no ring)
                                (no ring)
                                (no ring)

@: no status effects
A: almost no armour, amphibious, 8 rings, camouflage 1, gelatinous body 1,
(nimble swimmer 1), tentacles
a: no special abilities


You were on level 1 of the Dungeon.
You visited 1 branch of the dungeon, and saw 1 of its levels.

Inventory:

Hand Weapons
 a - a +1 dagger (weapon)
Scrolls
 b - a scroll of blinking {unknown}


   Skills:
 + Level 1.1 Short Blades
 + Level 2.0 Dodging
 + Level 4.4 Stealth
 + Level 2.1 Spellcasting
 * Level 3.3 Hexes


You had 4 spell levels left.
You knew the following spells:

 Your Spells              Type           Power      Damage    Failure   Level
a - Corona                Hex            14%        N/A       4%          1

Your spell library contained the following spells:

 Spells                   Type           Power      Damage    Failure   Level
 Ensorcelled Hibernation  Hex/Ice        14%        N/A       14%         2
 Confusing Touch          Hex            13%        N/A       14%         3
 Tukima's Dance           Hex            13%        N/A       14%         3
 Dazzling Flash           Conj/Hex       14%        N/A       28%         3


Dungeon Overview and Level Annotations

Branches:
Dungeon (1/15)

Altars:


Innate Abilities, Weirdness & Mutations

You cannot wear most types of armour.
You are amphibious.
You can wear up to eight rings at the same time.
Your skin changes colour to match your surroundings (Stealth+).
Your rubbery body absorbs attacks. (AC +1, EV +1)
((You are camouflaged near water. (Stealth+)))
You have tentacles for arms and can constrict up to eight enemies at once.


Message History

You hit the jackal but do no damage.
The jackal is severely wounded.
You constrict the jackal. The jackal barely misses you.
You hit the jackal.
You kill the jackal!
You hit the frilled lizard.
You kill the frilled lizard!
The jackal completely misses you.
You hit the jackal but do no damage. You grab the jackal.
You squeeze the jackal.
The jackal is almost dead.
You constrict the jackal, but do no damage.
The jackal misses you.
You completely miss the jackal.
The jackal is almost dead.
You constrict the jackal.
You kill the jackal!
You hit the goblin but do no damage. You grab the goblin.
You squeeze the goblin.
You kill the goblin!
A goblin comes into view. It is wielding a +0 dagger of venom.
Items here: ) ††††.
The goblin shouts!
You hit the goblin.
You kill the goblin!
You hit the quokka but do no damage. Your grab misses the quokka.
The quokka barely misses you. The quokka misses you.
You miss the quokka. Your grab misses the quokka. The quokka bites you.
You hit the quokka. Your grab misses the quokka.
The quokka is lightly wounded.
The quokka bites you.
You hit the quokka. Your grab misses the quokka.
Your squeeze misses the quokka.
The quokka is moderately wounded.
The quokka bites you.
* * * LOW HITPOINT WARNING * * *
You barely miss the quokka. Your grab misses the quokka.
The quokka is moderately wounded.
The quokka bites you.
You die...

. r .# ..... ..#.
..#....
#....#.....
.#...#....#
..........#
#.....#.# #.#.#
######.r.#######
........@)......!
###.####..#######
#..).>..#
#.####### #.#...#
#.#.#.# #.#.#.#
#.#.#.# #.#.#.#


You could see a quokka.

Vanquished Creatures
  A dart slug (D:1)
  An endoplasm (D:1)
  2 goblins (D:1)
  3 jackals (D:1)
  2 bats (D:1)
  A frilled lizard (D:1)
  A rat (D:1)
11 creatures vanquished.

Notes
Turn   | Place    | Note
-------+----------+-------------------------------------------
     0 | D:1      | lordive the Octopode Enchanter began the quest for the Orb.
     0 | D:1      | Reached XP level 1. HP: 11/11 MP: 3/3
    37 | D:1      | Reached XP level 2. HP: 17/17 MP: 5/5
    96 | D:1      | Slain by a quokka

Illustrated notes

Levels and vault maps discovered:
D:1:      dpeg_arrival_ratfight, layout_basic, hellmonk_ecumenical_altar_blasted

Action                   || total
-------------------------++-------
Melee: Dagger            ||    26
       Tentacles         ||     4
       Constrict         ||     4
 Stab: Sleeping          ||     4
Armor: Skin              ||     1
Dodge: Dodged            ||    17
